 Dungeon Crawl Stone Soup version 0.18.1-50-g88ac8fd (webtiles) character file.

37 magog001 the Insei (level 3, 0/26 HPs)
             Began as a Merfolk Transmuter on Mar 23, 2017.
             Slain by Terence
             ... wielding a +0 mace
              (3 damage)
             ... on level 2 of the Dungeon.
             The game lasted 00:08:56 (1590 turns).

magog001 the Insei (Merfolk Transmuter)             Turns: 1590, Time: 00:08:56

Health: 0/26       AC:  3    Str: 10    XL:     3   Next: 39%
Magic:  6/6        EV: 13    Int: 12    God:
Gold:   30         SH:  0    Dex: 15    Spells: 1 memorised, 5 levels left

rFire  . . .     SeeInvis .       - Unarmed
rCold  . . .     Gourm    .     b - +0 robe
rNeg   . . .     Faith    .     (no shield)
rPois  .         Spirit   .     n - +0 helmet
rElec  .         Dismiss  .     (no cloak)
rCorr  .         Reflect  .     (no gloves)
SustAt .         Harm     .     (no boots)
MR     .....                    (no amulet)
Stlth  +.........               (no ring)
                                (no ring)

@: not resistant to hostile enchantments, very unstealthy
A: change form in water, swift swim
a: no special abilities


You were on level 2 of the Dungeon.
You were not hungry.

You visited 1 branch of the dungeon, and saw 2 of its levels.

You collected 30 gold pieces.

Inventory:

Missiles
 a - 57 arrows
 m - 12 poisoned needles
Armour
 b - a +0 robe (worn)
 n - a +0 helmet (worn)
Jewellery
 p - an uncursed ring of protection from fire {unknown}
Scrolls
 e - a scroll of enchant weapon {unknown}
 f - 2 scrolls of immolation {unknown}
 g - a scroll of amnesia {unknown}
 k - 3 scrolls of identify {unknown}
 q - a scroll of blinking {unknown}
Potions
 h - a potion of ambrosia {unknown}
 l - a potion of lignification {unknown}
Books
 c - a book of Changes

   Spells                             Type                      Level
   a - Beastly Appendage              Transmutation                1
   b - Sticks to Snakes               Transmutation                2
   c - Spider Form                    Transmutation/Poison         3
   d - Ice Form                       Ice/Transmutation            4
   e - Blade Hands                    Transmutation                5
Comestibles
 d - a bread ration
 i - 2 meat rations
 j - a fruit
 o - a chunk of flesh


   Skills:
 * Level 1.1 Fighting
 * Level 3.1 Dodging
 + Level 0.2 Stealth
 * Level 4.1 Unarmed Combat
 + Level 2.2 Spellcasting
 * Level 3.1 Transmutations


You had 5 spell levels left.
You knew the following spells:

 Your Spells              Type           Power        Failure   Level  Hunger
a - Beastly Appendage     Trmt           #.....       10%         1    ##.....


Dungeon Overview and Level Annotations

Branches:
Dungeon (2/15)

Altars:

Annotations:
D:2 Terence


Message History

You barely miss Terence. Terence hits you with a mace!
You barely miss Terence. Terence hits you but does no damage.
You barely miss Terence. You hit Terence.
Terence is lightly wounded.
Terence hits you with a mace!
* * * LOW HITPOINT WARNING * * *
A rat comes into view.
The rat moves out of view.
You barely miss the rat. The rat closely misses you.
Terence bares his teeth.
Terence closely misses you.
You see here 6 gold pieces.
Terence hits you with a mace.
* * * LOW HITPOINT WARNING * * *
The rat closely misses you.
Terence says, "Rest in peace."
Terence says, "Time to say good-bye..."
You open the door. Terence hits you with a mace.
You die...

#.#.##....##.. ....
#.........##+#. #....
#.#.##......... #.#....
##...##.........
#.#....###............... .
.........#..#.###.#####+# .#
#.#....#.#..#.###†#####.# ..#
...........)...@........##..#
...............r@...........#
..#......########'###....#...
.............#...........#
.........###.#...........# #
.........###.#.<.........#.#
.............<##....#....#.#####
###.#.##.###..##................
#.#.##.# #..##........>....## .
#.##.###..###+##.###........


You could see Terence and a rat.

Vanquished Creatures
  A dart slug (D:1)
  2 giant geckos (D:1)
  4 goblins
  4 hobgoblins (D:1)
  4 kobolds (D:1)
  7 bats
  5 giant newts (D:1)
  5 rats
32 creatures vanquished.

Notes
Turn   | Place    | Note
--------------------------------------------------------------
     0 | D:1      | magog001 the Merfolk Transmuter began the quest for the Orb.
     0 | D:1      | Reached XP level 1. HP: 15/15 MP: 3/3
   269 | D:1      | Reached XP level 2. HP: 21/21 MP: 5/5
   732 | D:1      | Reached XP level 3. HP: 26/26 MP: 6/6
   875 | D:1      | Reached skill level 4 in Unarmed Combat
  1539 | D:2      | Noticed Terence
  1590 | D:2      | Slain by Terence

Skill      XL: |  1  2  3 |
---------------+----------+-----
Transmutations | 3 |  3.1
Dodging        | 3 |  3.1
Unarmed Combat | 4 |  4.1
Fighting       | |  1.1
Stealth        | |  0.2
Spellcasting   | |  2.2

Action                   || total
-------------------------++-------
Melee: Unarmed           ||   102
       Headbutt          ||     1
       Punch             ||     2
 Cast: Beastly Appendage ||     1
 Stab: Sleeping          ||     1
  Eat: Fruit             ||     1
       Chunk             ||     1
Armor: Robe              ||    25
Dodge: Dodged            ||    84
